 Dungeon Crawl Stone Soup version 0.27.0-1-g7a089689b8 (webtiles) character file.

Game seed: 8330367234410247577

7 SnakkuSnakku7 the Caller (level 1, 0/14 HPs)
             Began as a Demigod Summoner on Aug 2, 2021.
             Slain by a quokka (1 damage)
             ... on level 1 of the Dungeon.
             The game lasted 00:00:35 (328 turns).

SnakkuSnakku7 the Caller (Demigod Summoner)          Turns: 328, Time: 00:00:36

Health: 0/14       AC:  2    Str:  9    XL:     1   Next: 73%
Magic:  4/5        EV: 12    Int: 17    God:
Gold:   0          SH:  0    Dex: 14    Spells: 2/3 levels left

rFire    . . .     SeeInvis .   c - +0 dagger
rCold    . . .     Faith    .   (no shield)
rNeg     . . .     Spirit   .   a - +0 robe
rPois    .         Reflect  .   (no helmet)
rElec    .         Harm     .   (no cloak)
rCorr    .         Rampage  .   (no gloves)
Will     .....                  (no boots)
Stlth    ++........             (no amulet)
HPRegen  0.04/turn              (no ring)
MPRegen  0.09/turn              (no ring)

@: no status effects
A: high mp 1, forlorn
a: no special abilities


You were on level 1 of the Dungeon.
You visited 1 branch of the dungeon, and saw 1 of its levels.

Inventory:

Hand Weapons
 c - a +0 dagger (weapon)
Armour
 a - a +0 robe (worn)
Scrolls
 b - a scroll of identify {unknown}
Potions
 d - 2 potions of might {unknown}


   Skills:
 - Level 1.7 Dodging
 - Level 1.7 Stealth
 - Level 1.7 Spellcasting
 + Level 4.0 Summonings


You had 2 spell levels left.
You knew the following spells:

 Your Spells              Type           Power      Damage    Failure   Level
a - Summon Small Mammal   Summ           60%        N/A       3%          1

Your spell library contained the following spells:

 Spells                   Type           Power      Damage    Failure   Level
 Call Imp                 Summ           15%        N/A       6%          2
 Magic Dart               Conj           4%         1d3       21%         1
 Call Canine Familiar     Summ           15%        N/A       12%         3
 Summon Guardian Golem    Hex/Summ       8%         N/A       26%         3
 Mephitic Cloud           Conj/Pois/Air  1%         N/A       52%         3
 Summon Lightning Spire   Summ/Air       8%         N/A       65%         4


Dungeon Overview and Level Annotations

Branches:
Dungeon (1/15)


Innate Abilities, Weirdness & Mutations

Your attributes grow dramatically as you level up.
You have an increased reservoir of magic. (+10% MP)
You shall have no god before yourself.


Message History

The giant cockroach waves its antennae.
The quokka barely misses you.
The giant cockroach completely misses you.
The quokka bites you.
You see here a ball python corpse.
The giant cockroach bites you but does no damage.
Casting: Summon Small Mammal (safe; 3% risk of failure)
Confirm with . or Enter, or press ? or * to list all spells.
The giant cockroach misses you.
You hit the giant cockroach but do no damage.
The giant cockroach bites you.
You closely miss the giant cockroach.
The giant cockroach bites you but does no damage.
Your quokka bites the giant cockroach.
You completely miss the giant cockroach.
The giant cockroach is almost dead.
The giant cockroach completely misses you.
Your quokka bites the giant cockroach.
The giant cockroach dies!
You closely miss the quokka.
Your quokka barely misses the quokka.
The quokka bites you.
* * * LOW HITPOINT WARNING * * *
You hit the quokka but do no damage.
Your quokka closely misses the quokka.
The quokka bites you.
* * * LOW HITPOINT WARNING * * *
You hit the quokka but do no damage.
Your quokka completely misses the quokka.
The quokka misses you.
Your quokka bites the quokka.
You closely miss the quokka.
The quokka is moderately wounded.
The quokka bites you.
* * * LOW HITPOINT WARNING * * *
Your quokka bites the quokka.
The quokka bites your quokka.
Unknown command.
Your quokka bites the quokka.
Unknown command.
You hit the quokka but do no damage.
The quokka is heavily wounded.
The quokka bites you.
You die...

#...........# ###
#...........# ...
#...........# ...#######
#..†........#
.........####.....÷.....#
...†..........###.#######
..............###B######
..............#.rr.....#
..............#.@......+
###...........#........#
#......###..#..........
........# #..#.#########
.........# ##.#.
...#...... .#. .. #?. #.


You could see a quokka (ally target), a giant cockroach and a friendly quokka
(summoned).

Vanquished Creatures
  3 rats (D:1)
3 creatures vanquished.

Vanquished Creatures (collateral kills)
  3 ball pythons (D:1)
  An endoplasm (D:1)
  A giant cockroach (D:1)
  A goblin (D:1)
  A quokka (D:1)
7 creatures vanquished.

Grand Total: 10 creatures vanquished

Notes
Turn   | Place    | Note
-------+----------+-------------------------------------------
     0 | D:1      | SnakkuSnakku7 the Demigod Summoner began the quest for the
                  | Orb.
     0 | D:1      | Reached XP level 1. HP: 14/14 MP: 5/5
   301 | D:1      | Reached skill level 4 in Summonings
   328 | D:1      | Slain by a quokka

Illustrated notes

Levels and vault maps discovered:
D:1:      nzn_arrival_water_spiral, layout_basic

Skill      XL: |  1 |
---------------+----+-----
Summonings     | 4 |  4.0
Dodging        | |  1.7
Stealth        | |  1.7
Spellcasting   | |  1.7

Action                   || total
-------------------------++-------
Melee: Dagger            ||    14
       Unarmed           ||    12
 Cast: Summon Small Mamm ||     4
 Stab: Distracted        ||     1
Armor: Robe              ||     4
Dodge: Dodged            ||    28
